 Dungeon Crawl Stone Soup version 0.28.0-43-g3370ac3207 (webtiles) character file.

Game seed: 6143647038731360479

5252 smarlow the Thaumaturge (level 10, -1/71 HPs)
             Began as a Djinni Conjurer on Mar 5, 2022.
             Slain by an orc warrior
             ... wielding a +0 trident
              (11 damage)
             ... on level 9 of the Dungeon.
             The game lasted 00:20:17 (11663 turns).

smarlow the Thaumaturge (Djinni Conjurer)          Turns: 11663, Time: 00:20:19

Health: -1/71      AC:  3    Str:  6    XL:     10   Next: 93%
Gold:   488        EV: 14    Int: 25    God:
                   SH:  0    Dex: 11

rFire   + + +      SeeInvis .   H - +4 war axe (freeze)
rCold   x . .      Faith    .   (no shield)
rNeg    . . .      Spirit   .   I - +1 robe {rC+ rF+}
rPois   ∞          Reflect  .   (no helmet)
rElec   .          Harm     .   u - scarf {shadows}
rCorr   .          Rampage  .   (no gloves)
Will    +....                   (boots unavailable)
Stlth   +++.......              w - amulet of the acrobat
HPRegen 0.21/turn               m - ring of fire
MPRegen 0.00/turn               (no ring)

@: flying
A: sickness immunity, fire resistance 2, cold vulnerability 1, float, innate
caster, HP casting, extra vitality 1
a: no special abilities


You were on level 9 of the Dungeon.
You visited 2 branches of the dungeon, and saw 10 of its levels.

You collected 488 gold pieces.

Inventory:

Hand Weapons
 D - a +0 broad axe of flaming
 H - a +4 war axe of freezing (weapon)
Armour
 a - a +0 robe
 u - a scarf of shadows (worn)
 I - a +1 robe of resistance (worn)
Magical Staves
 t - a staff of air
Jewellery
 m - a ring of fire (left hand)
 w - an amulet of the acrobat (around neck)
Wands
 o - a wand of charming (16)
 p - a wand of flame (36)
 v - a wand of iceblast (24)
 A - a wand of acid (15)
 B - a wand of paralysis (11)
 F - a wand of polymorph (11)
Scrolls
 b - a scroll of immolation {unknown}
 c - 2 scrolls of blinking {unknown}
 d - a scroll of magic mapping {unknown}
 f - 5 scrolls of identify {unknown}
 g - 3 scrolls of teleportation {unknown}
 j - 2 scrolls of enchant weapon {unknown}
 y - a scroll of silence {unknown}
 z - a scroll of brand weapon {unknown}
 E - a scroll of fear {unknown}
 G - a scroll of holy word {unknown}
 K - a scroll of enchant armour {unknown}
Potions
 e - a potion of ambrosia
 h - 5 potions of lignification {unknown}
 i - a potion of haste {unknown}
 k - 3 potions of cancellation {unknown}
 l - a potion of flight {unknown}
 n - a potion of resistance {unknown}
 q - a potion of berserk rage {unknown}
 r - a potion of heal wounds
 s - a potion of degeneration {unknown}
 x - 2 potions of brilliance {unknown}
 C - 2 potions of magic {unknown}
 J - a potion of mutation {unknown}


   Skills:
 + Level 5.6 Fighting
 + Level 5.6 Armour
 + Level 6.6 Dodging
 + Level 5.4 Stealth
 + Level 8.6 Spellcasting


You had 2 spell levels left.
You knew the following spells:

 Your Spells              Type           Power      Damage    Failure   Level
a - Magic Dart            Conj           100%       1d8       1%          1
b - Searing Ray           Conj           100%       2d8       1%          2
c - Dazzling Flash        Conj/Hex       100%       N/A       1%          3
d - Fulminant Prism       Conj/Hex       26%        3d14      1%          4
e - Iskenderun's Mystic   Conj/Tloc      52%        2d11      1%          4
f - Beastly Appendage     Tmut           100%       N/A       1%          1
g - Passwall              Tmut/Erth      43%        N/A       1%          2
h - Summon Guardian Gole  Hex/Summ       52%        N/A       1%          3
i - Hailstorm             Conj/Ice       52%        3d12      1%          4
Your spell library was empty.

Dungeon Overview and Level Annotations

Branches:
Dungeon (9/15)             Temple (1/1) D:6            Lair (0/6) D:9
    Orc: D:9-12

Altars:
Cheibriados
Dithmenos
Elyvilon
Fedhas
Gozag
Hepliaklqana
Kikubaaqudgha
Nemelex Xobeh
Okawaru
Qazlal
Ru
Sif Muna
Trog
Uskayaw
Vehumet
Wu Jian
Xom
Yredelemnul
Zin
The Shining One

Shops:
D:8 (

Annotations:
D:5 1 runed translucent door, Crazy Yiuf


Innate Abilities, Weirdness & Mutations

You are immune to sickness and miasma.
You are immune to poison.
Your flesh is very heat resistant. (rF++)
You are vulnerable to cold. (rC-)
You float through the air rather than walking.
You learn spells naturally, not from books.
Your magical power is your life essence.
You have superior vitality. (+4 MHP)


Message History

The magic dart hits the orc warrior but does no damage.
The orc warrior is heavily wounded.
You are too injured to fight recklessly!
Casting: Magic Dart (safe; 1% risk of failure)
Confirm with . or Enter, or press ? or * to list all spells.
You erupt in a blast of force!
The mystic blast hits the orc warrior but does no damage.
The orc warrior is heavily wounded.
An orc wizard comes into view. It is wielding a +0 dagger.
The orc warrior hits you from afar with a +0 trident.
Casting: Iskenderun's Mystic Blast (dangerous; 1% risk of failure)
Confirm with . or Enter, or press ? or * to list all spells.
You erupt in a blast of force!
The mystic blast hits the orc warrior.
The orc warrior is heavily wounded.
The orc warrior is knocked back by the mystic blast.
The orc warrior slams into the rock wall!
The orc warrior is severely wounded.
There is an open door here.
Casting: Iskenderun's Mystic Blast (dangerous; 1% risk of failure)
Confirm with . or Enter, or press ? or * to list all spells.
Aiming: Fulminant Prism (dangerous; 1% risk of failure)
Press: ? - help, Dir - move target You conjure a prism of explosive energy!
A fulminant prism comes into view.
You reach down and close the door.
Something unseen breaks down the door.
Something hits your fulminant prism.
Your fulminant prism crackles loudly.
Something hits your fulminant prism. x2
Your fulminant prism explodes!
You feel a bit more experienced.
The orc warrior hits you from afar with a +0 trident!
* * * LOW HITPOINT WARNING * * *
Casting: Fulminant Prism (dangerous; 1% risk of failure)
Confirm with . or Enter, or press ? or * to list all spells.
You erupt in a blast of force!
The mystic blast hits the orc warrior but does no damage.
The orc warrior is severely wounded.
* * * LOW HITPOINT WARNING * * *
The orc warrior hits you from afar with a +0 trident!
You die...

############.............
....).)...........>......
...)..)...#####..........
.:####'#..# #.###++#...
#....#..# #.#....#^..
#....#..# #....#..#
#.).)#..# #....#..#
#....#..###+ #....#..#
##....'@....####.....###
.#...)o#.....##.........#
.'....)#.....#..P[.......
..#...).##...............÷
..#..).).#.##.......>....÷
#......#.# #...P........
.'......#.# ##........P..
.#....###.# ##.........#
#.... ###.....###


You could see an orc warrior.

Vanquished Creatures
  Harold (D:7)
  Joseph (D:8)
  Maggie (D:7)
  A troll (D:9)
  Prince Ribbit (D:5)
  Grinder (D:3)
  A wyvern (D:9)
  A yak (D:9)
  A water moccasin (D:7)
  An orc warrior (D:9)
  4 ice beasts
  A sky beast (D:8)
  2 black bears (D:9)
  A necrophage (D:5)
  2 centaurs (D:6)
  A scorpion (D:5)
  A bullfrog (D:7)
  2 gnoll sergeants
  A wyvern zombie (D:6)
  A wyvern skeleton (D:7)
  A water moccasin zombie (D:7)
  17 wights
  2 killer bees (D:9)
  A howler monkey (D:5)
  2 centaur zombies
  3 hounds
  An orc priest (D:9)
  2 centaur skeletons
  2 jellies
  A bullfrog skeleton (D:6)
  Ijyb (D:4)
  2 iguanas
  4 orc wizards
  A hound zombie (D:5)
  A hound skeleton (D:5)
  11 adders
  11 gnolls
  2 shadow imps
  2 ufetubi
  4 worms
  17 orcs
  2 ball pythons
  12 endoplasms
  5 giant cockroaches
  6 goblins
  10 hobgoblins
  5 jackals (D:2)
  4 kobolds
  3 quokkas
  6 bats
  4 frilled lizards
  5 rats
  A fulminant prism (D:8)
177 creatures vanquished.

Vanquished Creatures (others)
  30 fulminant prisms
  A fungus (D:9)
  2 plants (D:9)
33 creatures vanquished.

Grand Total: 210 creatures vanquished

Notes
Turn   | Place    | Note
-------+----------+-------------------------------------------
     0 | D:1      | smarlow the Djinni Conjurer began the quest for the Orb.
     0 | D:1      | Reached XP level 1. HP: 15/15 MP: 0/0
   234 | D:1      | Reached XP level 2. HP: 19/21 MP: 0/0
   768 | D:1      | You are sucked into a shaft and drop 1 floor!
  1027 | D:1      | Reached XP level 3. HP: 22/25 MP: 0/0
  1027 | D:1      | Learned a level 1 spell: Beastly Appendage
  1250 | D:1      | Reached skill level 4 in Spellcasting
  1879 | D:2      | Reached XP level 4. HP: 29/31 MP: 0/0
  2028 | D:2      | Found a sparkling altar of Nemelex Xobeh.
  2887 | D:3      | Noticed Grinder
  2888 | D:3      | Paralysed by Grinder for 7 turns
  3010 | D:3      | Found a faded altar of an unknown god.
  3075 | D:3      | Paralysed by Grinder for 5 turns
  3113 | D:3      | Killed Grinder
  3114 | D:3      | Reached skill level 5 in Spellcasting
  3114 | D:3      | Reached XP level 5. HP: 1/35 MP: 0/0
  3114 | D:3      | Learned a level 2 spell: Passwall
  3114 | D:3      | Reached XP level 6. HP: 2/40 MP: 0/0
  4225 | D:4      | Found a hide-covered altar of Uskayaw.
  4262 | D:4      | Noticed an ice beast
  4270 | D:4      | Killed an ice beast
  4271 | D:4      | Reached skill level 6 in Spellcasting
  4271 | D:4      | Reached XP level 7. HP: 29/45 MP: 0/0
  4271 | D:4      | Learned a level 3 spell: Summon Guardian Golem
  4603 | D:4      | Found a blossoming altar of Fedhas.
  4943 | D:5      | Entered Level 5 of the Dungeon
  4943 | D:5      | Noticed Ijyb
  5325 | D:5      | Reached skill level 7 in Spellcasting
  5581 | D:5      | Reached XP level 8. HP: 37/50 MP: 0/0
  5596 | D:4      | Killed Ijyb
  5882 | D:5      | Noticed Prince Ribbit
  5895 | D:5      | Killed Prince Ribbit
  5896 | D:5      | Reached skill level 1 in Fighting
  5896 | D:5      | Reached skill level 1 in Armour
  6396 | D:5      | Found a runed translucent door.
  6397 | D:5      | Noticed Crazy Yiuf
  7400 | D:6      | Reached XP level 9. HP: 49/59 MP: 0/0
  7400 | D:6      | Learned a level 4 spell: Hailstorm
  7558 | D:6      | Found a staircase to the Ecumenical Temple.
  7571 | Temple   | Entered the Ecumenical Temple
  7892 | D:6      | Found a shadowy altar of Dithmenos.
  8395 | D:7      | Noticed Harold
  8406 | D:7      | Killed Harold
  8653 | D:7      | Reached skill level 8 in Spellcasting
  8812 | D:7      | Reached skill level 5 in Dodging
  9064 | D:7      | Reached XP level 10. HP: 57/68 MP: 0/0
  9386 | D:7      | Found a white marble altar of Elyvilon.
  9666 | D:7      | Noticed Maggie
  9676 | D:7      | Killed Maggie
 10233 | D:8      | Reached skill level 5 in Fighting
 10396 | D:8      | Found Bigibeb's Firing Range.
 10398 | D:8      | Noticed Joseph
 10434 | D:8      | Killed Joseph
 10435 | D:8      | Reached skill level 5 in Armour
 10435 | D:8      | Reached skill level 5 in Stealth
 10910 | D:9      | Found a sacrificial altar of Ru.
 10911 | D:9      | Found an ornate altar of the Wu Jian Council.
 11300 | D:9      | Found a staircase to the Lair.
 11663 | D:9      | Slain by an orc warrior

Illustrated notes

Levels and vault maps discovered:
D:1:      lemuel_arrival_lava_pool, layout_loops_corners, st_stairs_8
D:2:      layout_loops_corners, basic_altar, grunt_decor_arrowhead,
          grunt_ministairs_14
D:3:      minmay_skewed_foursquare, layout_rooms,
          shapermc_ecumenical_altar_starsandcircs, lemuel_old_faithful,
          uniq_grinder
D:4:      layout_loops_ring, overflow_temple_1_default,
          mainiacjoe_overflow_six_doors_small, chequers_serial_rivers_large_a
D:5:      layout_rooms, uniq_crazy_yiuf_cottage, uniq_prince_ribbit1, uniq_ijyb
D:6:      layout_cave_pools, grunt_dithmenos_smoke,
          minmay_temple_entry_statues_fountains, serial_glass, glass_columns_a,
          glass_columns_a, due_unseen_surprise
D:7:      layout_gridville, elyvilon_altar_4, nicolae_vehumet_radiance,
          uniq_harold, uniq_maggie
D:8:      layout_basic, nicolae_shop_firing_range, uniq_joseph
D:9:      layout_irregular_city, mainiacjoe_overflow_divided_tiny,
          david_lair_generic, serial_shops, shop, roderic_serpentine_path
Temple:   oiseaux_autumnal_temple

Skill      XL: |  1  2  3  4  5  6  7  8  9 10 |
---------------+-------------------------------+-----
Spellcasting   | 4 5 6 7 8 |  8.6
Fighting       | 2 4 5 |  5.6
Armour         | 2 4 5 |  5.6
Stealth        | 2 4 5 |  5.4
Dodging        | 3 5 6 |  6.6

Action                   |  1- 3 |  4- 6 |  7- 9 | 10-12 || total
-------------------------+-------+-------+-------+-------++-------
Melee: Unarmed           |       |     1 |       |       ||     1
 Cast: Magic Dart        |    73 |    78 |   128 |    63 ||   342
       Iskenderun's Myst |       |     8 |    43 |    31 ||    82
       Searing Ray       |       |     1 |     4 |     6 ||    11
       Fulminant Prism   |       |     1 |    10 |    20 ||    31
       Passwall          |       |       |     2 |       ||     2
       Hailstorm         |       |       |     8 |       ||     8
  Use: Potion            |       |     4 |       |       ||     4
Armor: Robe              |     1 |     5 |     2 |       ||     8
Dodge: Dodged            |     7 |     5 |    16 |     6 ||    34
